 Dungeon Crawl Stone Soup version 0.28-a0-984-g3775c662fe (webtiles) character file.

Game seed: 15238962243496716762

88 siradein the Skirmisher (level 4, -4/40 HPs)
             Began as a Draconian Fighter on Dec 4, 2021.
             Slain by Crazy Yiuf (7 damage)
             ... on level 3 of the Dungeon.
             The game lasted 00:02:41 (2228 turns).

siradein the Skirmisher (Draconian Fighter)         Turns: 2228, Time: 00:02:45

Health: -4/40      AC:  6    Str: 20    XL:     4   Next: 29%
Magic:  4/4        EV: 12    Int: 21    God:
Gold:   124        SH:  9    Dex: 10    Spells: 3/3 levels left

rFire   . . .      SeeInvis .   m - +2 dagger (venom)
rCold   . . .      Faith    .   b - +0 buckler
rNeg    . . .      Spirit   .   (armour unavailable)
rPois   .          Reflect  +   (helmet restricted)
rElec   .          Harm     .   (no cloak)
rCorr   .          Rampage  .   (no gloves)
Will    .....                   h - +0 pair of boots
Stlth   +.........              i - amulet of reflection
HPRegen 0.13/turn               f - +6 ring of intelligence
MPRegen 0.09/turn               n - +6 ring of intelligence

@: lethally poisoned (-4 -> -7), attractive
A: AC +5, unfitting armour, cold-blooded
a: no special abilities


You were on level 3 of the Dungeon.
You visited 1 branch of the dungeon, and saw 3 of its levels.

You collected 124 gold pieces.

Inventory:

Hand Weapons
 a - a +0 long sword
 m - a +2 dagger of venom (weapon)
Missiles
 j - a throwing net (quivered)
 k - 4 curare-tipped darts
 t - a boomerang
Armour
 b - a +0 buckler (worn)
 h - a +0 pair of boots (worn)
Jewellery
 f - a +6 ring of intelligence (left hand)
 i - an amulet of reflection (around neck)
 n - a +6 ring of intelligence (right hand)
Wands
 q - a wand of digging (3)
 u - a wand of charming (10)
Scrolls
 d - 4 scrolls of identify {unknown}
 e - a scroll of vulnerability {unknown}
 g - a scroll of enchant weapon {unknown}
Potions
 c - a potion of might
 l - a potion of cancellation {unknown}
 o - 3 potions of attraction
 p - a potion of brilliance {unknown}
 r - a potion of lignification {unknown}
 s - a potion of berserk rage {unknown}


   Skills:
 + Level 4.0 Fighting
 + Level 2.8 Long Blades
 + Level 3.2 Dodging
 + Level 3.6 Shields


You had 3 spell levels left.
You didn't know any spells.
Your spell library was empty.

Dungeon Overview and Level Annotations

Branches:
Dungeon (3/15)

Altars:

Shops:
D:3 (

Annotations:
D:3 Crazy Yiuf


Innate Abilities, Weirdness & Mutations

Your plain brown scales are hard. (AC +5)
You cannot fit into any form of body armour.
You are cold-blooded and may be slowed by cold attacks.


Message History

You open the door.
There is an open door here.
Found 5 large rocks.
Found a robe.
u - a wand of charming (10)
You see here a quokka skeleton.
You open the door.
There is an open door here.
You open the door.
There is an open door here.
Crazy Yiuf shouts!
Could not explore, unopened runed door.
Could not explore, unopened runed door.
You open the door. You closely miss Crazy Yiuf. Crazy Yiuf closely misses you.
You closely miss Crazy Yiuf. You block Crazy Yiuf's attack.
You hit Crazy Yiuf but do no damage.
Crazy Yiuf is poisoned.
Crazy Yiuf laughs, "Announcement leg dark!"
Crazy Yiuf hits you with a +2 quarterstaff of chaos!
You suddenly lose the ability to move!
Crazy Yiuf hits you with a +2 quarterstaff of chaos.
You are poisoned.
You feel sick.
Crazy Yiuf hits you with a +2 quarterstaff of chaos!
* * * LOW HITPOINT WARNING * * *
Crazy Yiuf draws strength from your wounds!
You can move again.
* * * LOW HITPOINT WARNING * * *
You feel sick.
* * * LOW HITPOINT WARNING * * *
You feel sick.
* * * LOW HITPOINT WARNING * * *
You feel sick.
It was a potion of attraction.
You feel attractive to monsters.
* * * LOW HITPOINT WARNING * * *
You feel sick.
Crazy Yiuf whimpers, "Action!"
Crazy Yiuf hits you with a +2 quarterstaff of chaos!
You die...

#.......#.#.#..#.######..#######
#.......#.#.#..#.# #..........
#.......#.#.####.#####..........
#.......).#......#<..'..........
#.(......#############..........
#.#...#...# #####......
#.#.#.##### #......
#.#.#.##..##♣♣♣♣♣ #......
#.#.#.##.#.#..♣@♣♣♣ ### #......
#.#.#.>........♣g.♣#...# #......
#.#.####......♣♣♣♣.'...# #......
#.#.####...#.♣♣ ♣♣#..)# #......
#.#....#.###♣♣ ### #......
#.####.#.# #...... #.# #.#.#
#...... #.# #.#.# ###
#######...... #.# #.#.# #.#
#..#'###'#...


You could see Crazy Yiuf (poisoned).

Vanquished Creatures
  Ijyb (D:3)
  2 adders
  A worm (D:2)
  3 orcs (D:3)
  3 ball pythons (D:3)
  4 endoplasms
  A giant cockroach (D:2)
  3 goblins
  2 hobgoblins
  4 jackals (D:2)
  3 quokkas
  3 bats
  2 frilled lizards
  2 kobolds
  2 rats (D:2)
36 creatures vanquished.

Notes
Turn   | Place    | Note
-------+----------+-------------------------------------------
     0 | D:1      | siradein the Draconian Fighter began the quest for the Orb.
     0 | D:1      | Reached XP level 1. HP: 19/19 MP: 1/1
   866 | D:2      | Reached XP level 2. HP: 25/26 MP: 2/2
  1265 | D:2      | Reached XP level 3. HP: 33/33 MP: 3/3
  1476 | D:3      | Found Zesui's Antique Armour Shoppe.
  1477 | D:3      | Found Paudghuni's Antique Weapon Shop.
  1558 | D:3      | Found a runed translucent door.
  1795 | D:3      | Noticed Ijyb
  1807 | D:3      | Killed Ijyb
  1808 | D:3      | Reached skill level 4 in Fighting
  1808 | D:3      | Reached XP level 4. HP: 35/40 MP: 4/4
  1856 | D:3      | Found a faded altar of an unknown god.
  1990 | D:3      | Noticed Crazy Yiuf
  2222 | D:3      | Paralysed by Crazy Yiuf for 2 turns
  2228 | D:3      | Slain by Crazy Yiuf

Illustrated notes

Levels and vault maps discovered:
D:1:      lemuel_arrival_broad_hall, layout_loops_ring,
          minmay_misc_feat_ornament
D:2:      layout_rooms
D:3:      layout_basic, chequers_ecumenical_altar_twisty, serial_shops, shop,
          shop, serial_bayou_pond_c, minmay_diced_spiral, uniq_ijyb,
          uniq_crazy_yiuf_cottage

Skill      XL: |  1  2  3 |
---------------+----------+-----
Dodging        | 3 |  3.2
Fighting       | 4 |  4.0
Long Blades    | |  2.8
Shields        | |  3.6

Action                   |  1- 3 |  4- 6 || total
-------------------------+-------+-------++-------
Melee: Long sword        |    80 |       ||    80
       Tailslap          |    13 |     1 ||    14
       Dagger            |    28 |     8 ||    36
  Use: Potion            |       |     1 ||     1
Armor: Skin              |    25 |       ||    25
Dodge: Dodged            |    50 |     3 ||    53
Block: Buckler           |    45 |     3 ||    48
       Reflection        |     1 |     1 ||     2

Table legend: (Time is in decaauts)
 A = Elapsed time spent in this place.
 B = Non-inter-level travel time spent in this place.
 C = Inter-level travel time spent in this place.
 D = Time resting spent in this place.
 E = Time spent auto-exploring this place.
 F = Levels seen in this place.
 G = Mean time per level.
                   A        B        C        D        E       F      G
               +--------+--------+--------+--------+--------+-----+--------+
         Total |   2251 |   2221 |     30 |      0 |   1871 |   3 |  750.3 |
       Dungeon |   2251 |   2221 |     30 |      0 |   1871 |   3 |  750.3 |
               +--------+--------+--------+--------+--------+-----+--------+

Top non-repeatable levels by time:
     D:1: 853 daAuts
     D:3: 814 daAuts
     D:2: 583 daAuts
